 Dungeon Crawl Stone Soup version 0.31-a0-1467-g53b6572822 (webtiles) character file.

Game seed: 4288750362713976592

732 Reterlor the Poker (level 7, -6/61 HPs)
             Began as a Minotaur Monk on Dec 28, 2023.
             Was a Priest of Wu Jian.
             Mangled by a hornet (8 damage)
             ... on level 6 of the Dungeon.
             The game lasted 00:12:25 (2335 turns).

Reterlor the Poker (Minotaur Monk)                  Turns: 2335, Time: 00:12:25

Health: -6/61      AC:  8    Str: 18    XL:     7   Next: 45%
Magic:  6/6        EV: 12    Int:  7    God:    Wu Jian [***...]
Gold:   107        SH:  0    Dex: 12    Spells: 6/6 levels left

rFire   . . .        a - +0 spear
rCold   . . .        d - orb {light}
rNeg    . . .        n - +1 ring mail
rPois   .            (helmet restricted)
rElec   .            (no cloak)
rCorr   .            g - +0 pair of gloves
SInv    .            (no boots)
Will    .....        (no amulet)
Stlth   +            (no ring)
HPRegen 0.30/turn    (no ring)
MPRegen 0.10/turn

%: no passive effects
@: lethally poisoned (-6 -> -18), slowed, glowing, very slow
A: horns 2, retaliatory headbutt
a: Renounce Religion, Wall Jump, Serpent's Lash


You were on level 6 of the Dungeon.
You worshipped Wu Jian.
Wu Jian was most pleased with you.
You visited 1 branch of the dungeon, and saw 4 of its levels.

You collected 107 gold pieces.

Inventory:

Hand Weapons
 a - a +0 spear (weapon)
Armour
 b - a +0 robe
 d - an orb of light (worn)
 g - a +0 pair of gloves (worn)
 n - a +1 ring mail (worn)
Jewellery
 j - a ring of magical power
Scrolls
 f - 2 scrolls of identify
 h - a scroll of brand weapon {unknown}
Potions
 c - a potion of mutation {unknown}
 e - a potion of enlightenment {unknown}
 i - a potion of might {unknown}
 k - a potion of degeneration {unknown}


   Skills:
 + Level 5.5 Fighting
 + Level 7.1 Polearms
 + Level 4.4 Armour
 + Level 5.1 Dodging
 + Level 0.9 Stealth


You had 6 spell levels left.
You didn't know any spells.
Your spell library contained the following spells:

 Spells                   Type           Power      Damage    Failure   Level
 Necrotise                Necr           0%         1d4       61%         1
 Scorch                   Fire           0%         2d5       75%         2
 Call Canine Familiar     Summ           0%         N/A       93%         3
 Sigil of Binding         Hex            0%         N/A       93%         3
 Vampiric Draining        Necr           0%         2d6       93%         3
 Dimensional Bullseye     Hex/Tloc       0%         N/A       100%        4
 Flame Wave               Conj/Fire      0%         2d4       100%        4
 Martyr's Knell           Necr/Summ      0%         N/A       100%        4
 Curse of Agony           Necr           0%         N/A       100%        5
 Summon Cactus Giant      Summ           0%         N/A       100%        6


Dungeon Overview and Level Annotations

Branches:
Dungeon (3/15)

Altars:
Wu Jian


Innate Abilities, Weirdness & Mutations

You have a pair of horns on your head.
You reflexively headbutt those who attack you in melee.


Message History

You feel yourself slow down.
You hit the hornet. Your headbutt misses the hornet.
The hornet is heavily wounded.
You feel less exhausted. The hornet closely misses you.
You furiously retaliate!
You headbutt the hornet. You completely miss the hornet.
The hornet is heavily wounded.
The hornet stings you.
You feel as though you will be slow longer.
The hornet completely misses you.
The gnoll hits you from afar with a +0 spear.
You hit the hornet but do no damage.
The hornet is heavily wounded.
The hornet stings you.
You are poisoned.
You feel as though you will be slow longer.
The gnoll closely misses you. The hornet barely misses you.
You feel better.
The hornet stings you but does no damage.
The gnoll barely misses you. The hornet stings you!
* * * LOW HITPOINT WARNING * * *
You are poisoned.
You feel as though you will be slow longer.
* * * LOW HITPOINT WARNING * * *
You feel very sick.
The hornet stings you but does no damage.
The gnoll closely misses you.
* * * LOW HITPOINT WARNING * * *
You feel very sick. The hornet stings you.
* * * LOW HITPOINT WARNING * * *
You are more poisoned.
You feel as though you will be slow longer.
You hit the hornet but do no damage.
The hornet is heavily wounded.
* * * LOW HITPOINT WARNING * * *
You feel very sick. The hornet stings you!
You die...

##..## ##......#
##..### ##.......#
##...###...###...#
##.......## ##..#
##.....## #..
##.....# #.
##......#
####.......#
####...@yg....##
##...<#######...#
#...### #...##
#..## #....# #.##
##g...# #.#
##...### ##.#
##..### #..#
##..## #..# ##..##


You could see a hornet and a gnoll.

Vanquished Creatures
  Pikel (D:6)
  An ice beast (D:6)
  A phantom (D:6)
  A gnoll bouda (D:6)
  An orc wizard (D:3)
  2 gnolls (D:6)
  2 adders (D:2)
  3 ufetubi (D:6)
  A worm (D:2)
  2 dart slugs (D:2)
  An orc (D:3)
  5 ball pythons
  3 bats
  An endoplasm (D:1)
  3 giant cockroaches
  2 goblins
  6 hobgoblins
  4 jackals
  2 frilled lizards
  2 kobolds (D:1)
44 creatures vanquished.

Notes
Turn   | Place    | Note
-------+----------+-------------------------------------------
     0 | D:1      | Reterlor the Minotaur Monk began the quest for the Orb.
     0 | D:1      | Reached XP level 1. HP: 19/19 MP: 0/0
   415 | D:1      | Found a faded altar of an unknown god.
   423 | D:1      | Prayed at the altar of an unknown god.
   423 | D:1      | Became a worshipper of the Wu Jian Council
   423 | D:1      | Reached * piety under Wu Jian
   423 | D:1      | Reached ** piety under Wu Jian
   527 | D:1      | Reached skill level 4 in Polearms
   527 | D:1      | Reached XP level 2. HP: 27/27 MP: 1/1
   965 | D:2      | Reached XP level 3. HP: 31/33 MP: 2/2
  1097 | D:2      | Reached *** piety under Wu Jian
  1789 | D:3      | Reached XP level 4. HP: 41/41 MP: 3/3
  1792 | D:3      | You fall into a shaft and drop 3 floors!
  1794 | D:6      | Noticed Pikel
  1794 | D:6      | Noticed a lemure
  1795 | D:6      | Noticed a lemure
  1795 | D:6      | Noticed a lemure
  1795 | D:6      | Noticed a lemure
  1822 | D:6      | HP: 2/41 [Pikel/+1 whip of flaming (2)]
  1823 | D:6      | Killed Pikel
  1824 | D:6      | Reached skill level 5 in Fighting
  1824 | D:6      | Reached skill level 6 in Polearms
  1824 | D:6      | Reached XP level 5. HP: 1/48 MP: 4/4
  1824 | D:6      | Reached XP level 6. HP: 2/56 MP: 5/5
  2049 | D:6      | Noticed an ice beast
  2059 | D:6      | Killed an ice beast
  2060 | D:6      | Reached skill level 5 in Dodging
  2060 | D:6      | Reached XP level 7. HP: 61/61 MP: 6/6
  2180 | D:6      | Reached skill level 7 in Polearms
  2315 | D:6      | Noticed a hornet
  2335 | D:6      | HP: 2/61 [poisoned by a hornet]
  2335 | D:6      | Mangled by a hornet

Illustrated notes

Levels and vault maps discovered:
D:1:      saegor_arrival_fortress, layout_loops_ring,
          chequers_ecumenical_altar_lobes
D:2:      layout_basic
D:3:      layout_loops_cross, minivault_23
D:6:      layout_layer_cave, uniq_pikel, uniq_sigmund

Skill      XL: |  1  2  3  4  5  6  7 |
---------------+----------------------+-----
Polearms       | 4 6 7 |  7.1
Fighting       | 4 5 |  5.5
Dodging        | 4 5 |  5.1
Armour         | 3 4 |  4.4
Stealth        | |  0.9

Action                     |  1- 3 |  4- 6 |  7- 9 || total
---------------------------+-------+-------+-------++-------
  Melee: Spear             |    81 |    24 |    41 ||   146
         Headbutt          |    15 |     5 |    13 ||    33
 Invoke: Serpent's Lash    |       |     1 |     1 ||     2
Ability: Lunge             |     9 |     2 |     2 ||    13
         Whirlwind         |     3 |       |     2 ||     5
    Use: Scroll            |     6 |       |       ||     6
         Potion            |       |     3 |     1 ||     4
 Armour: Robe              |    15 |       |       ||    15
         Ring mail         |    13 |    13 |    33 ||    59
  Dodge: Dodged            |    35 |     8 |    32 ||    75

Table legend: (Time is in decaauts)
 A = Elapsed time spent in this place.
 B = Non-inter-level travel time spent in this place.
 C = Inter-level travel time spent in this place.
 D = Time resting spent in this place.
 E = Time spent auto-exploring this place.
 F = Levels seen in this place.
 G = Mean time per level.
                   A        B        C        D        E       F      G
               +--------+--------+--------+--------+--------+-----+--------+
         Total |   2317 |   2315 |      2 |    186 |   1409 |   4 |  579.2 |
       Dungeon |   2317 |   2315 |      2 |    186 |   1409 |   4 |  579.2 |
               +--------+--------+--------+--------+--------+-----+--------+

Top non-repeatable levels by time:
     D:1: 849 daAuts
     D:2: 830 daAuts
     D:6: 533 daAuts
     D:3: 104 daAuts
